 Dungeon Crawl Stone Soup version 0.29.0-4-gdea44cf6ec (webtiles) character file.

Game seed: 13752390872088468543

27 qw the Chopper (level 3, -5/21 HPs)
             Began as a Tengu Warper on Aug 28, 2022.
             Slain by a worm (8 damage)
             ... on level 2 of the Dungeon.
             The game lasted 00:00:05 (1244 turns).

qw the Chopper (Tengu Warper)                       Turns: 1244, Time: 00:00:05

Health: -5/21      AC:  8    Str: 13    XL:     3   Next: 10%
Magic:  7/7        EV:  6    Int: 13    God:
Gold:   38         SH:  0    Dex: 13    Spells: 6/6 levels left

rFire   . . .      SeeInvis .   Y - +1 hand axe
rCold   . . .      Faith    .   (no shield)
rNeg    + . .      Spirit   .   l - +0 chain mail
rPois   .          Reflect  .   (helmet restricted)
rElec   .          Harm     .   (no cloak)
rCorr   .          Rampage  .   (no gloves)
Will    .....                   (boots unavailable)
Stlth   ..........              (no amulet)
HPRegen 0.07/turn               a - ring of positive energy
MPRegen 0.10/turn               (no ring)

@: lethally poisoned (-5 -> -8)
A: beak, talons 3
a: no special abilities


You were on level 2 of the Dungeon.
You visited 1 branch of the dungeon, and saw 2 of its levels.

You collected 38 gold pieces.


Innate Abilities, Weirdness & Mutations

You have a beak for a mouth.
You have claws for feet.


   Skills:
 - Level 2.0 Fighting
 + Level 3.8 Axes
 - Level 1.0 Throwing
 - Level 1.1 Armour
 - Level 2.1 Dodging
 - Level 2.0 Spellcasting
 - Level 2.4 Translocations


You had 6 spell levels left.
You didn't know any spells.
Your spell library contained the following spells:

 Spells                   Type           Power      Damage    Failure   Level
 Blink                    Tloc           14%        N/A       99%         2
 Gell's Gravitas          Tloc           7%         N/A       100%        3
 Lesser Beckoning         Tloc           7%         N/A       100%        3
 Teleport Other           Tloc           7%         N/A       100%        3
 Manifold Assault         Tloc           7%         N/A       100%        5

Inventory:

Hand Weapons
 j - a +0 mace
 Y - a +1 hand axe (weapon)
Armour
 l - a +0 chain mail (worn)
Jewellery
 a - a ring of positive energy (left hand)
Scrolls
 f - a scroll of identify

Dungeon Overview and Level Annotations

Branches:
Dungeon (2/15)

Altars:


Message History

The hobgoblin is almost dead.
The hobgoblin hits you.
You hit the hobgoblin.
You kill the hobgoblin!
You hit the frilled lizard.
You kill the frilled lizard!
You start resting.
HP restored.
Done exploring.
(D) Dungeon
Where to? (* - list waypoints, Enter - D:2, ? - help)
What level of the Dungeon? (default 1, ? - help)
You climb downwards.
The adder bites you but does no damage. The worm barely misses you.
The adder bites you.
There is a stone staircase leading up here.
You closely miss the adder. You claw the adder.
The adder is lightly wounded.
You hit the worm. The adder bites you but does no damage.
The worm bites you but does no damage.
You hit the adder.
The adder is heavily wounded.
You barely miss the worm. The adder barely misses you. The worm bites you!
The adder bites you but does no damage.
You hit the adder.
The adder is almost dead.
You hit the worm. The adder bites you.
You are poisoned.
The adder poisons you!
You barely miss the adder.
The adder is almost dead.
You barely miss the worm.
You feel sick. The adder bites you but does no damage. The worm bites you.
The adder bites you but does no damage.
You barely miss the adder. Your kick misses the adder.
The adder is almost dead.
You hit the worm but do no damage.
You feel sick. The adder barely misses you. The worm bites you!
You die...

.. #. ..
.#
##+##+#.#
#.......
##.....S#
.......@#
##.....w#
#......#
####.#.#
..### .!.
... #...


You could see a worm and an adder.

Vanquished Creatures
  An adder (D:1)
  A dart slug (D:1)
  A ball python (D:2)
  3 endoplasms
  A hobgoblin (D:1)
  A quokka (D:1)
  A bat (D:1)
  2 frilled lizards
  2 kobolds (D:1)
  4 rats
17 creatures vanquished.

Notes
Turn   | Place    | Note
-------+----------+-------------------------------------------
     0 | D:1      | qw the Tengu Warper began the quest for the Orb.
     0 | D:1      | Reached XP level 1. HP: 12/12 MP: 4/4
     0 | D:1      | 0 ||| qw: Version: 0.1-a-89-g26bdef1
     0 | D:1      | 0 ||| qw: Game counter: 1711
     0 | D:1      | 0 ||| qw: Always use a shield: true
     0 | D:1      | 0 ||| qw: God list: Okawaru
     0 | D:1      | 0 ||| qw: Allow faded altars: false
     0 | D:1      | 0 ||| qw: Do Orc after D:15 true
     0 | D:1      | 0 ||| qw: Do second Lair branch before Depths: true
     0 | D:1      | 0 ||| qw: Lair rune preference: random
     0 | D:1      | 0 ||| qw: Plans: Normal
     0 | D:1      | 0 ||| PLANNING D:1-11
   158 | D:1      | HP: 3/12 [dart slug/slug dart (3)]
   569 | D:1      | Reached XP level 2. HP: 17/17 MP: 6/6
   669 | D:1      | Reached skill level 3 in Axes
   843 | D:1      | 843 ||| UPGRADING to +0 scale mail.
   853 | D:1      | 853 ||| DROPPING +0 leather armour.
   854 | D:1      | 854 ||| UPGRADING to +0 chain mail.
   864 | D:1      | 864 ||| DROPPING +0 scale mail.
   865 | D:1      | 865 ||| READING scroll labelled HUCREO MODD.
   869 | D:1      | 869 ||| READING 3 scrolls labelled JACWOF SEZOPN.
   870 | D:1      | 870 ||| READING scroll labelled VIK PASSEMP.
   871 | D:1      | 871 ||| READING scroll labelled HUCHAE TEMMIVA.
   872 | D:1      | 872 ||| DRINKING 3 bubbling inky potions.
   873 | D:1      | 873 ||| READING 2 scrolls of identify.
   873 | D:1      | 873 ||| IDENTIFYING yellow potion
   874 | D:1      | 874 ||| DROPPING scroll of blinking.
   875 | D:1      | 875 ||| DROPPING potion of magic.
   876 | D:1      | 876 ||| DROPPING 2 potions of invisibility.
   985 | D:2      | 985 ||| Stepping ~*~*~tactically~*~*~ (stealth).
   986 | D:2      | 986 ||| Stepping ~*~*~tactically~*~*~ (stealth).
   987 | D:2      | 987 ||| Stepping ~*~*~tactically~*~*~ (stealth).
  1109 | D:2      | 1109 ||| UPGRADING to ring of positive energy.
  1110 | D:2      | 1110 ||| READING scroll labelled WUMMOE QOEDGH.
  1153 | D:2      | 1153 ||| STAIRDANCE
  1158 | D:2      | 1158 ||| STAIRDANCE
  1165 | D:1      | Reached XP level 3. HP: 18/21 MP: 7/7
  1243 | D:2      | HP: 4/21 [worm (2)]
  1244 | D:2      | Slain by a worm

Levels and vault maps discovered:
D:1:      roderic_octagonal_star, layout_basic
D:2:      layout_basic, ebering_ecumenical_altar_box, nrook_mini_vaults

Skill      XL: |  1  2 |
---------------+-------+-----
Axes           | 3 |  3.8
Fighting       | |  2.0
Throwing       | |  1.0
Armour         | |  1.1
Dodging        | |  2.1
Spellcasting   | |  2.0
Translocations | |  2.4

Action                   || total
-------------------------++-------
Melee: Hand axe          ||    35
       Peck              ||     7
       Kick              ||     4
       Punch             ||     1
Throw: Boomerang         ||     7
  Use: Scroll            ||     6
       Potion            ||     1
Armor: Leather armour    ||     2
       Chain mail        ||    21
Dodge: Dodged            ||    15

Table legend:
 A = Non-vault XP
 B = Vault XP
 C = Vault XP percentage of total XP
 D = Non-vault monster count
 E = Vault monster count
 F = Vault count percentage of total count
                 A         B        C        D         E       F
            +---------+---------+-------+---------+---------+-------
      Total |      39 |       0 |   0.0 |      17 |       0 |   0.0
            +---------+---------+-------+---------+---------+-------
        D:1 |      33 |       0 |   0.0 |      13 |       0 |   0.0
        D:2 |       6 |       0 |   0.0 |       4 |       0 |   0.0
            +---------+---------+-------+---------+---------+-------
